 Dungeon Crawl Stone Soup version 0.30-b1-2-g02819fbbbe (webtiles) character file.

Game seed: 6879029886692305762

28 Alarkh the Charlatan (level 3, 29/29 HPs)
             Began as a Demonspawn Artificer on Nov 23, 2023.
             Got out of the dungeon alive.
             The game lasted 00:01:04 (769 turns).

Alarkh the Charlatan (Demonspawn Artificer)          Turns: 769, Time: 00:01:04

Health: 29/29      AC:  5    Str: 12    XL:     3   Next: 0%
Magic:  3/3        EV: 11    Int: 14    God:
Gold:   88         SH:  0    Dex: 13    Spells: 2/2 levels left

rFire   . . .        a - +0 short sword
rCold   . . .        (no shield)
rNeg    . . .        b - +0 leather armour
rPois   .            (no helmet)
rElec   .            (no cloak)
rCorr   .            (no gloves)
SInv    .            (no boots)
Will    .....        (no amulet)
Stlth   +            (no ring)
HPRegen 0.24/turn    (no ring)
MPRegen 0.08/turn

%: no passive effects
@: no status effects
A: yellow scales 1, demonic magic 1
a: no special abilities


You escaped.
You visited 1 branch of the dungeon, and saw 1 of its levels.

You collected 88 gold pieces.

Inventory:

Hand Weapons
 a - a +0 short sword (weapon)
 f - a +0 club
Armour
 b - a +0 leather armour (worn)
Jewellery
 g - a ring of fire
Wands
 c - a wand of flame (13) (quivered)
 d - a wand of charming (15)
 e - a wand of iceblast (5)
Scrolls
 i - a scroll of magic mapping {unknown}
Potions
 h - a potion of resistance {unknown}
 j - 2 potions of degeneration {unknown}
 k - a potion of mutation {unknown}
 l - a potion of curing {unknown}


   Skills:
 + Level 3.0 Fighting
 - Level 1.7 Armour
 - Level 0.8 Dodging
 - Level 0.8 Stealth
 - Level 3.0 Evocations


You had 2 spell levels left.
You didn't know any spells.
Your spell library contained the following spells:

 Spells                   Type           Power      Damage    Failure   Level
 Sting                    Tmut/Pois      0%         1d3       36%         1
 Poisonous Vapours        Pois/Air       0%         N/A       50%         2
 Frozen Ramparts          Ice            0%         1d1       73%         3
 Ice Form                 Ice/Tmut       0%         N/A       98%         4
 Olgreb's Toxic Radiance  Pois           0%         N/A       98%         4
 Summon Ice Beast         Ice/Summ       0%         N/A       98%         4


Dungeon Overview and Level Annotations

Branches:
Dungeon (1/15)

Altars:


Innate Abilities, Weirdness & Mutations

You are partially covered in yellow scales. (AC +2)
Spells you cast may paralyse adjacent enemies.


Message History

No target in view!
No target in view!
No target in view!
No target in view!
No target in view!
No target in view!
No target in view!
No target in view!
No target in view!
No target in view!
k - a sedimented white potion
Things that are here:
a +0 short sword; a kobold corpse You now have 88 gold pieces (gained 3).
l - a cyan potion You open the door.
There is an open door here.
There is an open door here.
Things that are here:
a +0 dagger; 3 stones; a kobold corpse
There is an open door here.
A rat comes into view.
A rat is nearby!
A rat is nearby!
You hit the rat but do no damage. The rat barely misses you.
You hit the rat but do no damage. The rat closely misses you.
You hit the rat.
You kill the rat!
You have reached level 3!
Your experience leads to an increase in your attributes!
Increase (S)trength, (I)ntelligence, or (D)exterity?
You feel clever. x2; Your demonic ancestry asserts itself...
Yellow scales grow over part of your body.
You see here a bat skeleton.
Things that are here:
a +0 club; a goblin skeleton
There is a stone staircase leading down here.
There is a staircase leading out of the dungeon here.
Are you sure you want to leave the Dungeon?
This will make you lose the game!
You have escaped! #.####### #..## ...# PPP.PP♣PP..PP.# ##..# ##.# ♣♣P.♣PPP♣♣PPP.P# ##.# # ... ..♣PP♣PP♣PPPPPP# #.# # ###.. ♣P♣PP♣PPPPP.♣P######># # .# PP.PPPPPP♣PPPP#......#

# .
################.####.##
#
........................
#
.......@..........###.##
#
..................#.....
#
################..#.#.##
♣P..P♣P♣PP♣PP.#........
PP.P.♣♣.P.♣♣PPP##.#.#.#.


PP♣.P P♣.♣P ♣.P##.#...#. P♣P. PP.P PP ♣.##....##. .♣.P♣.♣P.♣PP P##...###. #.#.#
#. There were no monsters in sight!

Vanquished Creatures
  A dart slug (D:1)
  An endoplasm (D:1)
  A giant cockroach (D:1)
  2 goblins (D:1)
  A hobgoblin (D:1)
  2 jackals (D:1)
  5 kobolds (D:1)
  2 ball pythons (D:1)
  7 bats (D:1)
  A frilled lizard (D:1)
  A rat (D:1)
24 creatures vanquished.

Notes
Turn   | Place    | Note
-------+----------+-------------------------------------------
     0 | D:1      | Alarkh the Demonspawn Artificer began the quest for the
                  | Orb.
     0 | D:1      | Reached XP level 1. HP: 15/15 MP: 1/1
   175 | D:1      | Gained mutation: Spells you cast may paralyse adjacent
                  | enemies. [demonic ancestry]
   175 | D:1      | Reached XP level 2. HP: 22/22 MP: 2/2
   713 | D:1      | Gained mutation: You are partially covered in yellow
                  | scales. (AC +2) [demonic ancestry]
   713 | D:1      | Reached XP level 3. HP: 29/29 MP: 3/3
   769 | D:$      | Got out of the dungeon alive.

Illustrated notes

Levels and vault maps discovered:
D:1:      minmay_arrival_arboretum_large, layout_basic,
          shapermc_ecumenical_altar_petra, serial_shops, shop

Skill      XL: |  1  2 |
---------------+-------+-----
Fighting       | 2 3 |  3.0
Armour         | |  1.7
Dodging        | |  0.8
Stealth        | |  0.8
Evocations     | |  3.0

Action                     || total
---------------------------++-------
  Melee: Club              ||    21
         Short sword       ||    91
  Evoke: Wand              ||     2
   Stab: Sleeping          ||     1
 Armour: Leather armour    ||    48
  Dodge: Dodged            ||    69
